 Dungeon Crawl Stone Soup version 0.22-a0-458-gb446440 (webtiles) character file.

722 pk666 the Magician (level 7, 0/36 HPs)
             Began as a Deep Elf Fire Elementalist on June 8, 2018.
             Killed from afar by an orc wizard (7 damage)
             ... with a magic dart
             ... on level 4 of the Dungeon.
             The game lasted 00:07:41 (4042 turns).

pk666 the Magician (Deep Elf Fire Elementalist)     Turns: 4042, Time: 00:07:42

Health: 0/36       AC:  5    Str:  5    XL:     7   Next: 43%
Magic:  3/18       EV: 13    Int: 22    God:
Gold:   157        SH:  0    Dex: 15    Spells: 10/18 levels left

rFire    . . .     SeeInvis .   (no weapon)
rCold    . . .     Gourm    .   (no shield)
rNeg     . . .     Faith    .   a - +0 robe
rPois    .         Spirit   .   (no helmet)
rElec    .         Reflect  .   (no cloak)
rCorr    .         Harm     .   p - +0 pair of gloves
MR       .....                  b - +1 pair of boots
Stlth    ++........             (no amulet)
HPRegen  0.12/turn              (no ring)
MPRegen  0.16/turn              (no ring)

@: slowed, very slow
A: no striking features
a: no special abilities


You were on level 4 of the Dungeon.
You were not hungry.

You visited 1 branch of the dungeon, and saw 4 of its levels.

You collected 157 gold pieces.

Inventory:

Armour
 a - a +0 robe (worn)
 b - a +1 pair of boots (worn)
 p - a +0 pair of gloves (worn)
Scrolls
 f - 3 scrolls of enchant armour
 h - 3 scrolls of remove curse {unknown}
 j - a scroll of identify {unknown}
 k - 3 scrolls of enchant weapon {unknown}
 l - 2 scrolls of random uselessness {unknown}
 n - 2 scrolls of fog {unknown}
Potions
 e - a potion of lignification {unknown}
 g - 2 potions of mutation {unknown}
 i - 2 potions of curing
 m - a potion of cancellation {unknown}
 o - 2 potions of brilliance {unknown}
 q - a potion of flight {unknown}
Comestibles
 c - 4 rations
 d - 5 chunks of flesh


   Skills:
 - Level 2.4 Dodging
 - Level 2.4 Stealth
 + Level 6.3 Spellcasting
 + Level 6.0 Conjurations
 + Level 5.7 Fire Magic


You had 10 spell levels left.
You knew the following spells:

 Your Spells              Type           Power        Failure   Level  Hunger
a - Flame Tongue          Conj/Fire      ####.        1%          1    None
b - Sticky Flame          Conj/Fire      ####....     8%          4    ###....
c - Conjure Flame         Conj/Fire      ####....     2%          3    #......

Your spell library contained the following spells:

 Spells                   Type           Power        Failure   Level  Hunger
 Fireball                 Conj/Fire      ####......   22%         5    #####..
 Throw Flame              Conj/Fire      ####..       1%          2    None
 Inner Flame              Hex/Fire       ###.....     9%          3    #......


Dungeon Overview and Level Annotations

Branches:
Dungeon (4/15)
 Temple: D:4-7

Altars:
Ashenzari
Cheibriados
Makhleb
Okawaru


Message History

The flame tongue hits the orc wizard.
The orc wizard is severely wounded.
The orc wizard hits you but does no damage.
Casting: Flame Tongue (safe; 1% risk of failure)
Confirm with . or Enter, or press ? or * to list all spells.
Aiming: Flame Tongue (safe; 1% risk of failure)
Press: ? - help, Shift-Dir - straight line, f/p - orc wizard
Aim: an orc wizard, wielding a dagger and wearing a robe (severely wounded)
The flame tongue hits the orc wizard.
You kill the orc wizard!
Casting: Flame Tongue (safe; 1% risk of failure)
Confirm with . or Enter, or press ? or * to list all spells.
Aiming: Flame Tongue (safe; 1% risk of failure)
Press: ? - help, Shift-Dir - straight line, f - orc priest
Aim: an orc priest The flame tongue hits the orc priest.
The orc priest is moderately wounded.
The orc wizard casts a spell at you. The magic dart hits you!
You die...

....(............
#..######'############
#. #...............# .
#...............#
.......
#......)........#
#.......
#...............#
#.......
#...............#
#.....#
#......####oo...#
#.....# #......#
#@....# #.....+
#..o...#
#....>#+##.....#
#......#
#.............#
#......#
######........#...
#......# #........+...
#......#
#....รท...#...
#......#
######........#...
###+##......+
#.........#####...
#...........#
#.........#...+...


You could see an orc priest and an orc wizard.

Vanquished Creatures
  The ghost of Qupu the Sneak, an amateur SpEn (D:3)
  An ogre (D:4)
  A scorpion (D:4)
  A howler monkey (D:4)
  An orc priest (D:3)
  6 orc wizards (D:4)
  3 worker ants (D:4)
  4 gnolls (D:3)
  4 adders
  An ooze (D:4)
  2 worms
  2 dart slugs
  5 leopard geckos
  5 orcs
  5 giant cockroaches
  9 goblins
  11 hobgoblins
  18 jackals
  8 kobolds
  2 quokkas (D:4)
  2 ball pythons (D:3)
  3 bats (D:1)
  8 frilled lizards
  5 rats
108 creatures vanquished.

Notes
Turn   | Place    | Note
-------+----------+-------------------------------------------
     0 | D:1      | pk666 the Deep Elf Fire Elementalist began the quest for the Orb.
     0 | D:1      | Reached XP level 1. HP: 10/10 MP: 6/6
   236 | D:1      | Reached XP level 2. HP: 15/15 MP: 5/8
  1207 | D:2      | Reached XP level 3. HP: 19/19 MP: 7/10
  1931 | D:2      | Found an iron altar of Okawaru.
  2248 | D:3      | Reached XP level 4. HP: 24/24 MP: 8/11
  2256 | D:3      | Learned a level 4 spell: Sticky Flame
  2260 | D:3      | Learned a level 3 spell: Conjure Flame
  2424 | D:3      | Found a burning altar of Makhleb.
  2684 | D:3      | Found a snail-covered altar of Cheibriados.
  2755 | D:3      | Found a shattered altar of Ashenzari.
  2767 | D:3      | Noticed Qupu's ghost (amateur SpEn)
  2801 | D:3      | Reached XP level 5. HP: 28/28 MP: 10/13
  2904 | D:3      | Killed Qupu's ghost
  3018 | D:3      | Reached XP level 6. HP: 28/32 MP: 9/15
  3327 | D:4      | Reached skill level 5 in Spellcasting
  3399 | D:4      | Reached skill level 5 in Conjurations
  3520 | D:4      | Reached skill level 5 in Fire Magic
  3650 | D:4      | Reached XP level 7. HP: 32/36 MP: 10/17
  4042 | D:4      | Killed from afar by an orc wizard

Vault maps used:
D:1:      tarquinn_simple_flora_water_c
D:2:      okawaru_trees_1, kennysheep_generic_room_11
D:3:      bloody_makhleb, nicolae_ashenzari_panopticon, first_ration,
          cheibriados_altar_1
D:4:      minmay_temple_entry_enclosed_plants

Skill      XL: |  1  2  3  4  5  6  7 |
---------------+----------------------+-----
Conjurations   | 2 3 4 5 6 |  6.0
Fire Magic     | 4 5 |  5.7
Spellcasting   | 4 5 6 |  6.3
Dodging        | |  2.4
Stealth        | |  2.4

Action                   |  1- 3 |  4- 6 |  7- 9 || total
-------------------------+-------+-------+-------++-------
Melee: Unarmed           |     2 |     1 |     1 ||     4
 Cast: Flame Tongue      |    80 |   111 |    32 ||   223
       Conjure Flame     |       |     4 |       ||     4
  Use: Scroll            |       |       |     1 ||     1
       Potion            |       |       |     1 ||     1
  Eat: Chunk             |     4 |     4 |     1 ||     9
Armor: Robe              |     8 |     6 |     3 ||    17
Dodge: Dodged            |    14 |    26 |    13 ||    53

Table legend:
 A = Spawn XP
 B = Non-spawn XP
 C = Spawn XP percentage of total XP
 D = Spawn monster count
 E = Non-spawn monster count
 F = Spawn count percentage of total count
 G = Total turns spent on level
                    A         B        C        D         E        F      G
               +---------+---------+-------+---------+---------+-------+---------
         Total |       0 |    1032 |   0.0 |       0 |     108 |   0.0 |  4042
               +---------+---------+-------+---------+---------+-------+---------
           D:1 |       0 |      30 |   0.0 |       0 |      19 |   0.0 |  1098
           D:2 |       0 |      51 |   0.0 |       0 |      18 |   0.0 |  1011
           D:3 |       0 |     323 |   0.0 |       0 |      42 |   0.0 |  1116
           D:4 |       0 |     628 |   0.0 |       0 |      29 |   0.0 |   817
               +---------+---------+-------+---------+---------+-------+---------
